 Dungeon Crawl Stone Soup version 0.28-a0-796-gd4f0d3f9b2 (webtiles) character file.

Game seed: 5512334519196715971

1847 Decritt the Skirmisher (level 9, -4/57 HPs)
             Began as a Gargoyle Earth Elementalist on Nov 6, 2021.
             Slain by a two-headed ogre (19 damage)
             ... on level 6 of the Dungeon.
             The game lasted 00:25:47 (8213 turns).

Decritt the Skirmisher (GrEE)                       Turns: 8213, Time: 00:25:47

Health: -4/57      AC: 14    Str: 12    XL:     9   Next: 12%
Magic:  10/15      EV: 12    Int: 19    God:
Gold:   281        SH:  0    Dex: 10    Spells: 13/17 levels left

rFire   . . .      SeeInvis .   g - staff of conjuration
rCold   . . .      Faith    .   (no shield)
rNeg    + . .      Spirit   .   r - +2 robe {Will+}
rPois   ∞          Reflect  .   a - +1 helmet
rElec   +          Harm     .   (no cloak)
rCorr   +          Rampage  .   u - +0 pair of gloves
Will    +....                   (no boots)
Stlth   ++........              (no amulet)
HPRegen 0.19/turn               l - ring of resist corrosion
MPRegen 0.14/turn               (no ring)

@: no status effects
A: sickness immunity, AC +6, negative energy resistance 1, electricity
resistance, torment resistance 1, petrification resistance
a: no special abilities


You were on level 6 of the Dungeon.
You visited 2 branches of the dungeon, and saw 7 of its levels.

You collected 281 gold pieces.

Inventory:

Missiles
 c - 109 stones
 s - a throwing net
 w - 4 poisoned darts
Armour
 a - a +1 helmet (worn)
 q - a +0 ring mail
 r - a +2 robe of willpower (worn)
 u - a +0 pair of gloves (worn)
Magical Staves
 g - a staff of conjuration (weapon)
 h - a staff of poison
Jewellery
 l - a ring of resist corrosion (left hand)
 z - a ring of positive energy
Wands
 b - a wand of digging (3)
 p - a wand of iceblast (5)
 y - a wand of flame (21) (quivered)
Scrolls
 d - 4 scrolls of teleportation
 e - a scroll of immolation {unknown}
 f - 3 scrolls of fog
 i - a scroll of acquirement {unknown}
 j - 3 scrolls of blinking {unknown}
 m - a scroll of amnesia {unknown}
 o - a scroll of enchant armour
 t - a scroll of noise {unknown}
Potions
 k - a potion of degeneration {unknown}
 n - a potion of ambrosia {unknown}
 v - a potion of brilliance {unknown}
 x - a potion of heal wounds {unknown}


   Skills:
 - Level 7.0 Fighting
 - Level 3.0 Staves
 - Level 3.3 Armour
 - Level 3.1 Dodging
 - Level 2.1 Stealth
 + Level 4.5 Spellcasting
 - Level 4.0 Conjurations
 - Level 0.7 Transmutations
 * Level 6.5 Earth Magic


You had 13 spell levels left.
You knew the following spells:

 Your Spells              Type           Power      Damage    Failure   Level
a - Sandblast             Erth           58%        2d13      1%          1
b - Stone Arrow           Conj/Erth      72%        3d11      4%          3

Your spell library contained the following spells:

 Spells                   Type           Power      Damage    Failure   Level
 Passwall                 Tmut/Erth      15%        N/A       4%          2
 Petrify                  Tmut/Erth      18%        N/A       28%         4
 Tukima's Dance           Hex            4%         N/A       36%         3
 Passage of Golubria      Tloc           4%         N/A       78%         4
 Yara's Violent Unravell  Hex/Tmut       2%         3d3       97%         5


Dungeon Overview and Level Annotations

Branches:
Dungeon (6/15)             Temple (1/1) D:5

Altars:
Ashenzari
Cheibriados
Dithmenos
Elyvilon
Gozag
Kikubaaqudgha
Nemelex Xobeh
Okawaru
Qazlal
Ru
Trog
Uskayaw
Vehumet
Wu Jian
Xom
Yredelemnul
The Shining One


Innate Abilities, Weirdness & Mutations

You are immune to sickness and miasma.
Your stone body is resilient. (AC +6)
You are immune to poison.
You resist negative energy. (rN+)
You are resistant to electric shocks. (rElec)
You are resistant to unholy torment.
You are immune to petrification.


Message History

Found a stone staircase leading down.
Found a robe.
y - a wand of flame (23)
Found 15 arrows.
No target in view!
You now have 281 gold pieces (gained 18).
You open the door.
There is an open door here.
z - a ring of positive energy You open the door.
A two-headed ogre and 2 zombies come into view.
The puff of flame hits the two-headed ogre.
The two-headed ogre is lightly wounded.
Casting: Sandblast (safe; 1% risk of failure)
Confirm with . or Enter, or press ? or * to list all spells.
Aiming: Stone Arrow (dangerous; 4% risk of failure)
Press: ? - help, Shift-Dir - straight line, f/p - two-headed ogre
Aim: a two-headed ogre, wielding a +0 giant club and a +0 giant spiked club (lightly wounded, 88% to hit)
You feel a surge of power!
The stone arrow hits the two-headed ogre.
The two-headed ogre is lightly wounded.
The two-headed ogre hits you with a +0 giant club!!
The two-headed ogre barely misses you.
A scorpion comes into view.
A scorpion comes into view.
There is an open door here.
The puff of flame hits the two-headed ogre.
The two-headed ogre is lightly wounded.
Casting: Stone Arrow (dangerous; 4% risk of failure)
Confirm with . or Enter, or press ? or * to list all spells.
Aiming: Stone Arrow (dangerous; 4% risk of failure)
Press: ? - help, Shift-Dir - straight line, f/p - two-headed ogre
Aim: a two-headed ogre, wielding a +0 giant club and a +0 giant spiked club (lightly wounded, 88% to hit)
You feel a surge of power!
The stone arrow hits the two-headed ogre!
The two-headed ogre is moderately wounded.
The two-headed ogre hits you with a +0 giant club!!
* * * LOW HITPOINT WARNING * * *
The two-headed ogre hits you with a +0 giant spiked club!!
You die...

#.# #..# #.# #..#
#.# #..#
##.##############
#......(......
######....########
#....# #...#
#....####.8.+
#.....@.#...#
#######O#...#.#
#s'Z8.s#
###...#..#
#...#...# #.8.+
...# #...# #..+
##### ###


You could see a two-headed ogre, a scorpion and a water moccasin zombie.

Vanquished Creatures
  Sigmund (D:2)
  2 water moccasins
  An ice beast (D:5)
  A black bear (D:5)
  A necrophage (D:5)
  An ogre (D:4)
  A centaur (D:5)
  A kobold brigand (D:4)
  A gnoll sergeant (D:5)
  A scorpion (D:5)
  A water moccasin skeleton (D:4)
  A howler monkey (D:6)
  2 centaur zombies (D:3)
  A jelly (D:6)
  4 orc priests
  2 hounds (D:5)
  Jessica (D:3)
  Ijyb (D:3)
  Natasha (thrice) (D:2)
  An iguana (D:5)
  3 orc wizards
  7 gnolls
  10 adders
  A shadow imp (D:5)
  A white imp (D:6)
  An ufetubus (D:5)
  3 worms
  4 dart slugs
  9 orcs
  3 bats
  5 endoplasms
  7 giant cockroaches
  6 goblins
  12 hobgoblins
  4 jackals
  A quokka (D:3)
  8 ball pythons
  5 frilled lizards
  A jackal skeleton (D:4)
  10 kobolds
  7 rats
136 creatures vanquished.

Vanquished Creatures (others)
  8 demonic plants (D:2)
  5 fungi (D:2)
  4 plants (D:2)
  4 withered plants (D:2)
21 creatures vanquished.

Grand Total: 157 creatures vanquished

Notes
Turn   | Place    | Note
-------+----------+-------------------------------------------
     0 | D:1      | Decritt the Gargoyle Earth Elementalist began the quest for
                  | the Orb.
     0 | D:1      | Reached XP level 1. HP: 10/10 MP: 3/3
   196 | D:1      | Reached XP level 2. HP: 8/15 MP: 3/5
  1243 | D:1      | Reached XP level 3. HP: 19/19 MP: 5/7
  1835 | D:2      | Noticed Natasha
  1849 | D:2      | Killed Natasha
  1850 | D:2      | Reached skill level 1 in Fighting
  1850 | D:2      | Reached XP level 4. HP: 11/25 MP: 4/8
  1929 | D:2      | Noticed Natasha
  1943 | D:2      | Killed Natasha
  1944 | D:2      | Reached skill level 1 in Staves
  2085 | D:2      | Reached skill level 2 in Fighting
  2528 | D:2      | Noticed Sigmund
  2532 | D:2      | Killed Sigmund
  2533 | D:2      | Reached skill level 3 in Fighting
  2533 | D:2      | Reached skill level 5 in Earth Magic
  2533 | D:2      | Reached XP level 5. HP: 33/33 MP: 4/9
  2533 | D:2      | Reached XP level 6. HP: 38/38 MP: 4/10
  2702 | D:2      | Reached skill level 1 in Conjurations
  2703 | D:2      | Found a faded altar of an unknown god.
  2705 | D:2      | Noticed Natasha
  2711 | D:2      | Killed Natasha
  3205 | D:3      | Noticed Jessica
  3209 | D:3      | Killed Jessica
  3223 | D:3      | Found a large runed translucent door.
  3223 | D:3      | Found a large runed translucent door.
  3253 | D:3      | Found an ancient bone altar of Kikubaaqudgha.
  3484 | D:3      | Found a sparkling altar of Nemelex Xobeh.
  3520 | D:3      | Noticed a water moccasin
  3524 | D:3      | Killed a water moccasin
  3525 | D:3      | Reached skill level 4 in Fighting
  3525 | D:3      | Reached XP level 7. HP: 43/43 MP: 8/11
  3946 | D:3      | Learned a level 3 spell: Stone Arrow
  4210 | D:3      | Noticed Ijyb
  4214 | D:3      | Killed Ijyb
  4448 | D:4      | Found a snail-covered altar of Cheibriados.
  4846 | D:4      | Reached skill level 1 in Armour
  4855 | D:4      | Reached skill level 5 in Fighting
  5051 | D:4      | You fall into a shaft and drop 1 floor!
  5051 | D:5      | Entered Level 5 of the Dungeon
  5291 | D:4      | Reached XP level 8. HP: 50/50 MP: 9/12
  5665 | D:5      | Reached skill level 6 in Fighting
  6317 | D:5      | Found a shadowy altar of Dithmenos.
  6648 | D:5      | Found a staircase to the Ecumenical Temple.
  6657 | Temple   | Entered the Ecumenical Temple
  6854 | D:5      | Reached skill level 7 in Fighting
  7757 | D:5      | Reached XP level 9. HP: 28/57 MP: 11/15
  8204 | D:6      | Noticed a two-headed ogre
  8213 | D:6      | Slain by a two-headed ogre

Illustrated notes

Levels and vault maps discovered:
D:1:      ebering_hopf_link, layout_loops_ring
D:2:      layout_loops_ring, shapermc_ecumenical_altar_gd, minmay_pentomino_r4,
          uniq_sigmund, uniq_natasha
D:3:      layout_loops_cross, jmf_multi_god_temple2,
          minmay_misc_feat_secret_circle, minmay_bisected, uniq_jessica,
          uniq_ijyb
D:4:      layout_loops_cross, mainiacjoe_overflow_24_doors
D:5:      layout_basic, mainiacjoe_overflow_tiny_flanked,
          minmay_temple_entry_stoned_glass, minmay_misc_feat_iff,
          chequers_serial_rivers_small_a, chequers_serial_rivers_large_a,
          kennysheep_generic_room_15
D:6:      minmay_chambers_of_threes, layout_basic
Temple:   dshaligram_water_room_temple

Skill      XL: |  1  2  3  4  5  6  7  8  9 |
---------------+----------------------------+-----
Earth Magic    | 4 5 6 |  6.5
Spellcasting   | 3 4 |  4.5
Fighting       | 1 3 4 5 7 |  7.0
Staves         | 2 3 |  3.0
Conjurations   | 2 3 4 |  4.0
Armour         | 2 3 |  3.3
Dodging        | 2 3 |  3.1
Stealth        | |  2.1
Transmutations | |  0.7

Action                   |  1- 3 |  4- 6 |  7- 9 || total
-------------------------+-------+-------+-------++-------
Melee: Whip              |     9 |       |       ||     9
       Club              |    19 |       |       ||    19
       Staff             |    52 |    89 |   104 ||   245
Throw: Dart              |       |       |    10 ||    10
 Cast: Sandblast         |    29 |    22 |   111 ||   162
       Stone Arrow       |       |       |    13 ||    13
Evoke: Wand              |       |       |     8 ||     8
  Use: Scroll            |       |     3 |     2 ||     5
       Potion            |       |       |     1 ||     1
 Stab: Sleeping          |     1 |     1 |     1 ||     3
Armor: Robe              |    35 |    24 |    90 ||   149
Dodge: Dodged            |    59 |    43 |   111 ||   213

Table legend: (Time is in decaauts)
 A = Elapsed time spent in this place.
 B = Non-inter-level travel time spent in this place.
 C = Inter-level travel time spent in this place.
 D = Time resting spent in this place.
 E = Time spent auto-exploring this place.
 F = Levels seen in this place.
 G = Mean time per level.
                   A        B        C        D        E       F      G
               +--------+--------+--------+--------+--------+-----+--------+
         Total |   8267 |   8115 |    152 |   2271 |   4514 |   7 | 1181.0 |
       Dungeon |   8172 |   8028 |    144 |   2271 |   4457 |   6 | 1362.0 |
        Temple |     94 |     86 |      8 |      0 |     57 |   1 |   94.0 |
               +--------+--------+--------+--------+--------+-----+--------+

Top non-repeatable levels by time:
     D:5: 1852 daAuts
     D:1: 1609 daAuts
     D:2: 1586 daAuts
     D:4: 1506 daAuts
     D:3: 1158 daAuts
     D:6: 458 daAuts
  Temple: 94 daAuts
